 Dungeon Crawl Stone Soup version 0.27-a0-531-gb72ec1a1b6 (webtiles) character file.

Game seed: 3552250901363688924

96 BabaBalenciYaga the Skirmisher (level 4, 0/38 HPs)
             Began as a Demonspawn Abyssal Knight on Mar 6, 2021.
             Was a Believer of Lugonu.
             Succumbed to an orc's poison
             ... on level 4 of the Dungeon.
             The game lasted 00:06:02 (2848 turns).

BabaBalenciYaga the Skirmisher (DsAK)               Turns: 2848, Time: 00:06:02

Health: 0/38       AC:  8    Str: 14    XL:     4   Next: 41%
Magic:  5/5        EV: 10    Int: 13    God:    Lugonu [**....]
Gold:   156        SH:  0    Dex: 12    Spells: 3/3 levels left

rFire    . . .     SeeInvis .   a - +2 falchion
rCold    . . .     Faith    .   (no shield)
rNeg     . . .     Spirit   .   h - +1 ring mail
rPois    .         Reflect  .   (helmet restricted)
rElec    .         Harm     .   (no cloak)
rCorr    .         Rampage  .   (no gloves)
Will     .....                  (no boots)
Stlth    +.........             (no amulet)
HPRegen  0.12/turn              (no ring)
MPRegen  0.09/turn              (no ring)

@: lethally poisoned (0 -> -34)
A: antennae 2, thin metallic scales 1
a: Renounce Religion, Depart the Abyss, Bend Space


You were on level 4 of the Dungeon.
You worshipped Lugonu.
Lugonu was pleased with you.
You visited 1 branch of the dungeon, and saw 4 of its levels.
You visited the Abyss 1 time.

You collected 156 gold pieces.

Inventory:

Hand Weapons
 a - a +2 falchion (weapon)
Missiles
 f - 5 atropa-tipped darts
Armour
 h - a +1 ring mail (worn)
Scrolls
 k - a scroll of blinking {unknown}
 m - a scroll of fog {unknown}
Potions
 d - 2 potions of degeneration {unknown}
 e - 3 potions of curing {unknown}
 g - 3 potions of brilliance {unknown}
 i - a potion of attraction {unknown}
 l - a potion of berserk rage {unknown}
 n - a potion of haste {unknown}


   Skills:
 * Level 4.9 Fighting
 - Level 2.1 Long Blades
 - Level 1.9 Armour
 - Level 1.0 Dodging
 - Level 2.6 Invocations


You had 3 spell levels left.
You didn't know any spells.
Your spell library was empty.

Dungeon Overview and Level Annotations

Branches:
Dungeon (3/15)

Altars:
Vehumet


Innate Abilities, Weirdness & Mutations

You have a pair of antennae on your head.
You are partially covered in thin metallic scales. (AC +2)


Message History

You feel sick.
The orc shouts!
The orc throws a boomerang.
The boomerang hits you.
You see here an orc corpse.
You feel sick.
The orc hits you with a +0 dagger of venom.
You are more poisoned.
You completely miss the orc.
The orc is lightly wounded.
You feel very sick. The orc barely misses you.
Okay, then.
As you read the scroll labelled NALLE WADA, it crumbles to dust.
It is a scroll of enchant armour.
Your +0 ring mail glows green for a moment.
* * * LOW HITPOINT WARNING * * *
You feel sick. The orc hits you but does no damage.
You are more poisoned.
As you read the scroll labelled SANOAF XEDU, it crumbles to dust.
The creatures around you are filled with an inner flame!
It was a scroll of immolation.
* * * LOW HITPOINT WARNING * * *
You feel sick. The orc hits you but does no damage.
Unknown command.
As you read the scroll labelled VASUCAR RYMP, it crumbles to dust.
It is a scroll of enchant weapon.
Your +1 falchion glows red for a moment.
* * * LOW HITPOINT WARNING * * *
You feel very sick. The orc closely misses you.
You riposte.
You hit the orc but do no damage.
The orc is lightly wounded.
You barely miss the orc.
The orc is lightly wounded.
* * * LOW HITPOINT WARNING * * *
You feel very sick.
The orc hits you with a +0 dagger of venom.
* * * LOW HITPOINT WARNING * * *
You are more poisoned.
You closely miss the orc.
You die...

...
#.#
#.#
#.#
...
#.#
#.#
#o#
#@#
#o#
o{#
####


You could see 3 orcs.

Vanquished Creatures
  4 adders (D:2)
  A worm (D:2)
  A dart slug (D:1)
  3 leopard geckos
  An orc (D:4)
  3 giant cockroaches (D:2)
  9 goblins
  6 hobgoblins
  3 jackals
  4 kobolds
  2 ball pythons
  6 bats
  4 frilled lizards
  4 rats (D:1)
51 creatures vanquished.

Notes
Turn   | Place    | Note
-------+----------+-------------------------------------------
     0 | Abyss:1  | BabaBalenciYaga the Demonspawn Abyssal Knight began the
                  | quest for the Orb.
     0 | Abyss:1  | Reached XP level 1. HP: 18/18 MP: 2/2
    75 | Abyss:1  | Noticed a glowing orange brain
    81 | D:1      | Escaped the Abyss
   138 | D:1      | Reached * piety under Lugonu
   348 | D:1      | Gained mutation: You are partially covered in thin metallic
                  | scales. (AC +2) [demonic ancestry]
   348 | D:1      | Reached XP level 2. HP: 18/24 MP: 3/3
  1157 | D:2      | Gained mutation: You have a pair of small antennae on your
                  | head. [demonic ancestry]
  1157 | D:2      | Reached XP level 3. HP: 30/30 MP: 4/4
  1168 | D:2      | Reached skill level 1 in Dodging
  1187 | D:2      | Reached skill level 4 in Fighting
  1767 | D:2      | Found a faded altar of an unknown god.
  1887 | D:2      | Gained mutation: You have a pair of antennae on your head.
                  | [demonic ancestry]
  1887 | D:2      | Reached XP level 4. HP: 22/38 MP: 5/5
  2822 | D:3      | Reached ** piety under Lugonu
  2828 | D:3      | Found a radiant altar of Vehumet.
  2828 | D:3      | You fall into a shaft and drop 1 floor!
  2848 | D:4      | Succumbed to an orc's poison

Illustrated notes

Levels and vault maps discovered:
D:1:      beargit_arrival_greenhouse, layout_basic
D:2:      layout_loops_cross, chequers_ecumenical_altar_grove
D:3:      layout_basic, nicolae_dithmenos_through_a_glass_darkly,
          fiery_altar_vehumet, nicolae_ashenzari_panopticon, chequers_avenue,
          uniq_ijyb
D:4:      layout_basic, lemuel_coloured_pillars_altar, lemuel_round_altar,
          serial_shops, kennysheep_mini_moat, minmay_quadrilaterals

Skill      XL: |  1  2  3 |
---------------+----------+-----
Long Blades    | 2 |  2.1
Dodging        | 1 |  1.0
Fighting       | 4 |  4.9
Armour         | |  1.9
Invocations    | |  2.6

Action                   |  1- 3 |  4- 6 || total
-------------------------+-------+-------++-------
Melee: Falchion          |   126 |    48 ||   174
Invok: Depart the Abyss  |     1 |       ||     1
  Use: Scroll            |       |     3 ||     3
Armor: Leather armour    |    36 |       ||    36
       Ring mail         |    11 |    22 ||    33
Dodge: Dodged            |   103 |    26 ||   129
       Rpst.: Falchion   |    32 |    11 ||    43

Table legend: (Time is in decaauts)
 A = Elapsed time spent in this place.
 B = Non-inter-level travel time spent in this place.
 C = Inter-level travel time spent in this place.
 D = Time resting spent in this place.
 E = Time spent auto-exploring this place.
 F = Levels seen in this place.
 G = Mean time per level.
                   A        B        C        D        E       F      G
               +--------+--------+--------+--------+--------+-----+--------+
         Total |   2883 |   2841 |     42 |   1100 |   1022 |   5 |  576.6 |
       Dungeon |   2802 |   2760 |     42 |   1100 |   1022 |   4 |  700.5 |
         Abyss |     81 |     81 |      0 |      0 |      0 |   1 |   81.0 |
               +--------+--------+--------+--------+--------+-----+--------+

Top non-repeatable levels by time:
     D:2: 1678 daAuts
     D:1: 1086 daAuts
 Abyss:1: 81 daAuts
     D:4: 22 daAuts
     D:3: 15 daAuts
